 Dungeon Crawl Stone Soup version 0.24-a0-378-g94936e539c (webtiles) character file.

Game seed: 15840828786915561970

11332 HAL9000 the Jinx (level 11, 0/53 HPs)
             Began as a Vine Stalker Assassin on June 1, 2019.
             Was an Elder of Uskayaw.
             Slain by a vampire (4 damage)
             ... on level 11 of the Dungeon.
             The game lasted 00:27:46 (9910 turns).

HAL9000 the Jinx (Vine Stalker Assassin)            Turns: 9910, Time: 00:27:47

Health: 0/53       AC:  9    Str: 15    XL:     11   Next: 76%
Magic:  0/34       EV: 11    Int: 17    God:    Uskayaw [****..]
Gold:   695        SH:  5    Dex: 17    Spells: 10/26 levels left

rFire    . . .     SeeInvis +   B - +3 dagger (venom)
rCold    + . .     Gourm    .   p - +0 buckler
rNeg     . . .     Faith    .   J - +0 leather armour {MR+}
rPois    .         Spirit   +   u - +3 hat of Pondering {ponderous, MR+ MP+10 Int+5}
rElec    .         Reflect  .   c - +0 cloak
rCorr    .         Harm     .   n - +0 pair of gloves
MR       +++..                  h - +0 pair of boots
Stlth    +++.......             E - amulet of regeneration
HPRegen  0.97/turn              F - ring of see invisible
MPRegen  0.24/turn              b - ring of protection from cold

@: lethally poisoned (0 -> -1), slow
A: fangs 3, regeneration 1, magic shield, antimagic bite, no potion heal 3, rot
immunity
a: Stomp, Line Pass, Renounce Religion


You were on level 11 of the Dungeon.
You worshipped Uskayaw.
Uskayaw was noncommittal.
You were not hungry.

You visited 2 branches of the dungeon, and saw 12 of its levels.

You collected 695 gold pieces.

Inventory:

Hand Weapons
 B - a +3 dagger of venom (weapon)
 O - the +5 war axe of Stickiness {chop, rElec Dex+3}
   (You found it on level 10 of the Dungeon)

   It inflicts extra damage upon your enemies.
   It affects your dexterity (+3).
   It insulates you from electricity.
Missiles
 d - 85 poisoned darts
 e - 2 boomerangs
 x - 5 atropa-tipped darts (quivered)
 y - a curare-tipped dart
 N - a throwing net
 U - 4 datura-tipped darts
Armour
 c - a +0 cloak (worn)
 h - a +0 pair of boots (worn)
 n - a +0 pair of gloves (worn)
 p - a +0 buckler (worn)
 u - the +3 hat of Pondering (worn) {ponderous, MR+ MP+10 Int+5}
   (You took it off Gastronok on level 8 of the Dungeon)

   It affects your intelligence (+5).
   It affects your resistance to hostile enchantments.
   It affects your magic capacity (+10).
 J - a +0 leather armour of magic resistance (worn)
 S - the +0 helmet "Xoereasm" {rC+ Str+3}
   (You found it on level 11 of the Dungeon)

   It affects your strength (+3).
   It protects you from cold.
Jewellery
 b - a ring of protection from cold (right hand)
 j - an uncursed ring of flight
 E - an amulet of regeneration (around neck)
 F - a ring of see invisible (left hand)
 T - an uncursed ring of wizardry
Wands
 k - a wand of flame (53)
 C - a wand of random effects (13)
 H - a wand of disintegration (14)
 R - a wand of acid (9)
Scrolls
 a - 2 scrolls of enchant weapon
 g - 3 scrolls of amnesia
 i - 3 scrolls of magic mapping
 l - 7 scrolls of remove curse
 m - 3 scrolls of blinking
 o - 3 scrolls of teleportation
 q - a scroll of fog
 D - a scroll of enchant armour {unknown}
 M - a scroll of summoning {unknown}
Potions
 r - 5 potions of flight
 s - a potion of haste
 t - 4 potions of agility
 v - a potion of cancellation
 w - a potion of brilliance {unknown}
 z - a potion of invisibility
 A - 2 potions of magic
 G - a potion of ambrosia
 I - a potion of mutation {unknown}
 K - a potion of berserk rage
 L - a potion of degeneration {unknown}
 Q - a potion of lignification {unknown}
Comestibles
 f - 24 rations


   Skills:
 + Level 3.8 Fighting
 - Level 10.0 Short Blades
 - Level 1.7 Throwing
 - Level 0.7 Dodging
 - Level 4.8 Stealth
 - Level 4.0 Shields
 - Level 8.1 Spellcasting
 - Level 10.9 Hexes


You had 10 spell levels left.
You knew the following spells:

 Your Spells              Type           Power        Failure   Level  Hunger
a - Confuse               Hex            #####...     1%          3    #......
b - Metabolic Englaciati  Hex/Ice        ####......   36%         5    #####..
c - Yara's Violent Unrav  Hex/Tmut       ####......   36%         5    #####..
d - Tukima's Dance        Hex            #####...     1%          3    #......

Your spell library contained the following spells:

 Spells                   Type           Power        Failure   Level  Hunger
 Confusing Touch          Hex            #####.       1%          1    None
 Corona                   Hex            #####..      1%          1    None
 Ensorcelled Hibernation  Hex/Ice        ####..       1%          2    None
 Dazzling Spray           Conj/Hex       ####..       4%          3    #......
 Gell's Gravitas          Tloc           #.........   36%         3    #......
 Petrify                  Tmut/Erth      #.......     77%         4    ###....


Dungeon Overview and Level Annotations

Branches:
Dungeon (11/15)            Temple (1/1) D:6             Orc (0/2) D:10
   Lair: D:8-11

Altars:
Ashenzari
Cheibriados
Dithmenos
Elyvilon
Fedhas
Gozag
Hepliaklqana
Kikubaaqudgha
Makhleb
Nemelex Xobeh
Okawaru
Qazlal
Ru
Sif Muna
Trog
Uskayaw
Vehumet
Wu Jian
Xom
Yredelemnul
Zin
The Shining One

Shops:
D:8 (

Annotations:
D:5 2 transporters, Yosebu's ghost, novice DsAK
D:9 2 transporters


Innate Abilities, Weirdness & Mutations

You have razor-sharp teeth.
Your natural rate of healing is unusually fast.
When hurt, damage is shared between your health and your magic reserves.
Your bite disrupts and absorbs the magic of your enemies.
Potions cannot restore your health.
You are immune to rotting.


Message History

The puff of frost hits you. You resist.
* * * LOW HITPOINT WARNING * * *
The vampire casts a spell at you. You resist with almost no effort.
You closely miss the orc wizard.
You bite the orc wizard, but do no damage.
The orc wizard is almost dead.
The orc wizard barely misses you.
Casting: Confuse (safe; 1% risk of failure)
Confirm with . or Enter, or press ? or * to list all spells.
Aiming: Confuse (safe; 1% risk of failure)
Press: ? - help, Shift-Dir - straight line, f - vampire
Aim: a vampire (slightly transparent, chance to defeat MR: 51%)
The vampire appears confused.
You kill the orc wizard!
The vampire laughs at nothing.
The vampire hits you!
* * * LOW HITPOINT WARNING * * *
The vampire bites you.
You die...

..# ##'######..#..#
#......... #..#
#......... #..##########
#........ #............
#........ #............
#.....).####............
#......)#.<†(...P.....##
#.....V@'(.....^.P......
#########....(.†..PP.P..
..........P.P)....P
.........P.P...P.P.
.........PP..####..P
######...PP.P# #...
#.......'. #.P.
#...PP.P####...
#..P..P...P.P.P


You could see a vampire (confused).

Vanquished Creatures
  Gastronok (D:8)
  2 two-headed ogres
  A manticore (D:11)
  Maurice (D:8)
  Joseph (D:8)
  Psyche (D:8)
  A troll (D:10)
  A vampire (D:10)
  A wraith (D:9)
  3 yaks (D:11)
  A steam dragon (D:10)
  5 orc warriors
  A porcupine (D:11)
  An ice beast (D:6)
  4 sky beasts
  2 necrophages
  3 phantoms
  2 black bears
  2 ogres (D:8)
  6 centaurs
  4 big kobolds
  9 bullfrogs
  A wyvern skeleton (D:8)
  6 scorpions
  14 killer bees
  5 howler monkeys
  5 crimson imps
  2 bullfrog zombies
  A quasit (D:5)
  5 hounds
  A bullfrog skeleton (D:10)
  3 centaur skeletons
  3 jellies
  9 orc wizards
  A gnoll shaman (D:6)
  Jessica (D:2)
  3 iguanas
  5 worker ants
  A hound zombie (D:7)
  A hound skeleton (D:5)
  A howler monkey skeleton (D:7)
  3 worker ant zombies
  18 gnolls
  7 adders
  4 shadow imps
  An ooze (D:2)
  A worm (D:3)
  5 leopard geckos
  33 orcs
  3 bats
  10 giant cockroaches
  6 hobgoblins
  7 jackals
  4 quokkas
  3 ball pythons
  2 frilled lizards
  3 goblins
  16 kobolds
  3 rats
250 creatures vanquished.

Vanquished Creatures (others)
  6 fungi (D:11)
6 creatures vanquished.

Grand Total: 256 creatures vanquished

Notes
Turn   | Place    | Note
-------+----------+-------------------------------------------
     0 | D:1      | HAL9000 the Vine Stalker Assassin began the quest for the
                  | Orb.
     0 | D:1      | Reached XP level 1. HP: 11/11 MP: 2/2
    74 | D:1      | Reached XP level 2. HP: 15/15 MP: 3/3
   785 | D:2      | Reached XP level 3. HP: 15/18 MP: 4/4
  1291 | D:2      | Noticed Jessica
  1293 | D:2      | Gained mutation: Your natural rate of healing is unusually
                  | fast. [Vine Stalker growth]
  1293 | D:2      | Reached XP level 4. HP: 22/23 MP: 5/5
  1309 | D:2      | Killed Jessica
  2127 | D:3      | Reached XP level 5. HP: 24/26 MP: 4/6
  2239 | D:3      | Reached skill level 5 in Short Blades
  2903 | D:4      | Reached XP level 6. HP: 30/30 MP: 7/7
  3478 | D:4      | Learned a level 3 spell: Confuse
  3516 | D:4      | Found an iron altar of Okawaru.
  3647 | D:5      | Entered Level 5 of the Dungeon
  3680 | D:5      | Reached XP level 7. HP: 23/34 MP: 5/8
  3836 | D:5      | Found a transporter.
  3836 | D:5      | Noticed Yosebu's ghost (novice DsAK)
  3839 | D:5      | Found a transporter.
  3958 | D:5      | Found a snail-covered altar of Cheibriados.
  4530 | D:6      | Found an ancient bone altar of Kikubaaqudgha.
  4530 | D:6      | Found a glowing silver altar of Zin.
  4594 | D:6      | Gained mutation: You have razor-sharp teeth. [Vine Stalker
                  | growth]
  4594 | D:6      | Reached XP level 8. HP: 28/38 MP: 7/9
  4607 | D:6      | Found a staircase to the Ecumenical Temple.
  4642 | Temple   | Entered the Ecumenical Temple
  4833 | Temple   | Became a worshipper of Uskayaw the Reveler
  4845 | D:6      | Reached * piety under Uskayaw
  4909 | D:6      | Reached ** piety under Uskayaw
  5069 | D:6      | Reached skill level 1 in Shields
  5511 | D:6      | Reached *** piety under Uskayaw
  5515 | D:6      | Reached **** piety under Uskayaw
  5718 | D:7      | Reached skill level 10 in Short Blades
  5718 | D:7      | Reached XP level 9. HP: 23/42 MP: 7/10
  5989 | D:7      | Reached skill level 1 in Spellcasting
  5989 | D:7      | Reached skill level 1 in Hexes
  6528 | D:8      | Found Uwonen's Weapon Shoppe.
  6537 | D:8      | Noticed Psyche
  6546 | D:8      | Paralysed by Psyche for 3 turns
  6552 | D:8      | Killed Psyche
  6779 | D:8      | Noticed a two-headed ogre
  6789 | D:8      | Reached ***** piety under Uskayaw
  6795 | D:8      | Killed a two-headed ogre
  6795 | D:8      | Reached skill level 5 in Spellcasting
  6795 | D:8      | Reached skill level 5 in Hexes
  6795 | D:8      | Reached XP level 10. HP: 44/46 MP: 17/19
  6806 | D:8      | Reached ****** piety under Uskayaw
  6834 | D:8      | Noticed Joseph
  6843 | D:8      | Killed Joseph
  6912 | D:8      | Learned a level 5 spell: Metabolic Englaciation
  6918 | D:8      | Learned a level 5 spell: Yara's Violent Unravelling
  6922 | D:8      | Learned a level 3 spell: Tukima's Dance
  7169 | D:8      | Noticed Gastronok
  7173 | D:8      | Found a radiant altar of Vehumet.
  7282 | D:8      | Noticed Maurice
  7293 | D:8      | Killed Maurice
  7437 | D:8      | Killed Gastronok
  7437 | D:8      | Reached XP level 11. HP: 11/50 MP: 18/24
  7846 | D:9      | Found a transporter.
  7953 | D:9      | Noticed a two-headed ogre
  7974 | D:9      | Killed a two-headed ogre
  8045 | D:9      | Found a transporter.
  8463 | D:10     | Entered Level 10 of the Dungeon
  8472 | D:10     | Found a staircase to the Orcish Mines.
  8771 | D:10     | Reached skill level 10 in Hexes
  8934 | D:10     | Got a twisted war axe
  8935 | D:10     | Identified the +5 war axe of Stickiness {chop, rElec Dex+3}
                  | (You found it on level 10 of the Dungeon)
  9556 | D:11     | Noticed a manticore
  9575 | D:11     | Killed a manticore
  9691 | D:11     | Got a warped helmet
  9714 | D:11     | Identified the cursed +0 helmet "Xoereasm" {rC+ Str+3} (You
                  | found it on level 11 of the Dungeon)
  9910 | D:11     | Slain by a vampire

Levels and vault maps discovered:
D:1:      ncdulo_wetmaze, layout_loops_cross
D:2:      layout_loops_ring, uniq_jessica
D:3:      layout_basic, first_ration
D:4:      layout_cave_pods, nicolae_overflow_crystal_walls,
          minmay_misc_feat_chi, minmay_misc_feat_cross
D:5:      layout_cave_pools, gammafunk_ghost_arena, cheibriados_altar_1
D:6:      layout_basic, gammafunk_temple_overflow_statue, temple_fountains,
          hangedman_decor_riveting, abandoned_shop, minivault_22
D:7:      layout_gridville
D:8:      layout_gridville, vehumet_crystals, serial_shops, shop,
          blue_anna_alchemist [blue_anna_fruit_fields, blue_anna_fruit_fields],
          uniq_psyche, uniq_gastronok, uniq_maurice, uniq_joseph
D:9:      gammafunk_cloud_chamber, layout_gridville
D:10:     layout_loops_ring, orc_0_dummy, dk_noncrumbling_4
D:11:     layout_irregular_city, grunt_lair_entry_orc_guard_hut, uniq_fannar,
          uniq_snorg
Temple:   eino_narrow_crystal_temple

Skill      XL: |  1  2  3  4  5  6  7  8  9 10 11 |
---------------+----------------------------------+-----
Short Blades   | 2 3 4 5 6 8 10 | 10.0
Shields        | 2 4 |  4.0
Spellcasting   | 5 8 |  8.1
Hexes          | 5 8 10 | 10.9
Fighting       | 3 |  3.8
Throwing       | |  1.7
Dodging        | |  0.7
Stealth        | |  4.8

Action                   |  1- 3 |  4- 6 |  7- 9 | 10-12 || total
-------------------------+-------+-------+-------+-------++-------
Melee: Dagger            |    54 |   161 |   442 |   520 ||  1177
       Bite              |    14 |    54 |   147 |   188 ||   403
Throw: Dart              |     2 |    14 |    21 |    14 ||    51
       Boomerang         |       |       |     2 |       ||     2
 Cast: Confuse           |       |       |       |     6 ||     6
       Tukima's Dance    |       |       |       |     3 ||     3
Invok: Stomp             |       |       |       |     1 ||     1
  Use: Scroll            |       |       |    17 |     3 ||    20
 Stab: Sleeping          |     6 |     7 |    10 |     4 ||    27
       Distracted        |     1 |       |       |       ||     1
       Invisible         |       |       |     2 |     1 ||     3
       Paralysed         |       |       |    10 |    10 ||    20
       Confused          |       |       |       |     1 ||     1
  Eat: Chunk             |     4 |    10 |    12 |     4 ||    30
Armor: Robe              |    14 |     4 |       |       ||    18
       Leather armour    |       |    29 |   101 |    84 ||   214
Dodge: Dodged            |    25 |    66 |   159 |   132 ||   382
Block: Buckler           |       |       |    29 |    73 ||   102

Table legend:
 A = Non-vault XP
 B = Vault XP
 C = Vault XP percentage of total XP
 D = Non-vault monster count
 E = Vault monster count
 F = Vault count percentage of total count
                 A         B        C        D         E       F
            +---------+---------+-------+---------+---------+-------
      Total |   12065 |    4124 |  25.5 |     241 |       9 |   3.6
            +---------+---------+-------+---------+---------+-------
        D:1 |      30 |       0 |   0.0 |      11 |       0 |   0.0
        D:2 |      74 |      37 |  33.3 |      18 |       1 |   5.3
        D:3 |     176 |       0 |   0.0 |      29 |       0 |   0.0
        D:4 |     227 |       0 |   0.0 |       8 |       0 |   0.0
        D:5 |     504 |       0 |   0.0 |      16 |       0 |   0.0
        D:6 |    1079 |       0 |   0.0 |      25 |       0 |   0.0
        D:7 |    1332 |       0 |   0.0 |      34 |       0 |   0.0
        D:8 |    2471 |    3727 |  60.1 |      30 |       5 |  14.3
        D:9 |    1784 |       0 |   0.0 |      11 |       0 |   0.0
       D:10 |    2539 |       0 |   0.0 |      37 |       0 |   0.0
       D:11 |    1849 |     360 |  16.3 |      22 |       3 |  12.0
            +---------+---------+-------+---------+---------+-------
